 Dungeon Crawl Stone Soup version 0.26.1-11-gd32895ea62 (webtiles) character file.

Game seed: 1927574019127745729

25366 bnorton916 the Destroyer (level 12, -13/66 HPs)
             Began as a Deep Elf Conjurer on July 15, 2021.
             Was a High Priest of Sif Muna.
             Shot with an arrow by Nessos (14 damage)
             ... on level 4 of the Lair of Beasts on July 16, 2021.
             The game lasted 00:48:29 (23132 turns).

bnorton916 the Destroyer (Deep Elf Conjurer)       Turns: 23132, Time: 00:48:29

Health: -13/66     AC: 13    Str:  5    XL:     12   Next: 88%
Magic:  17/30      EV: 16    Int: 27    God:    Sif Muna [*****.]
Gold:   832        SH:  5    Dex: 14    Spells: 8/35 levels left

rFire    + + .     SeeInvis .   O - staff of conjuration
rCold    . . .     Faith    .   (no shield)
rNeg     . . .     Spirit   .   M - +1 robe {rF+}
rPois    .         Reflect  +   i - +0 helmet
rElec    .         Harm     .   z - +2 cloak
rCorr    .         Rampage  .   c - +0 pair of gloves
Will     +....                  h - +0 pair of boots
Stlth    ++........             p - amulet of reflection
HPRegen  0.21/turn              y - ring of protection from fire
MPRegen  0.22/turn              e - +4 ring of protection

@: lethally poisoned (-13 -> -27)
A: no striking features
a: Renounce Religion, Channel Magic, Forget Spell, Divine Exegesis


You were on level 4 of the Lair of Beasts.
You worshipped Sif Muna.
Sif Muna was extremely pleased with you.
You visited 3 branches of the dungeon, and saw 13 of its levels.

You collected 862 gold pieces.
You spent 30 gold pieces at shops.

Inventory:

Hand Weapons
 a - the +8 trident of Itsidgh {vamp, rC+ Str+4}
   (You found it on level 1 of the Lair of Beasts)

   It inflicts no extra harm, but heals its wielder when it wounds a living foe.
   It affects your strength (+4).
   It protects you from cold.
 f - a +1 short sword of freezing
 H - the +9 quarterstaff "Xutistop" {flame, rF++ Int+4 Dex-5}
   (You took it off an orc on level 7 of the Dungeon)

   It has been specially enchanted to burn those struck by it, causing extra
   injury to most foes and up to half again as much damage against particularly
   susceptible opponents.
   It affects your intelligence (+4).
   It affects your dexterity (-5).
   It greatly protects you from fire.
 J - a +2 dagger of flaming
Missiles
 u - 488 stones
Armour
 c - a +0 pair of gloves (worn)
 h - a +0 pair of boots (worn)
 i - a +0 helmet (worn)
 z - a +2 cloak (worn)
 F - a cursed +0 leather armour
 M - a +1 robe of fire resistance (worn)
Magical Staves
 O - an uncursed staff of conjuration (weapon)
Jewellery
 e - a +4 ring of protection (right hand)
 j - an uncursed ring of ice
 p - an amulet of reflection (around neck)
 y - a ring of protection from fire (left hand)
 I - the macabre finger necklace {rN+}
   (You found it on level 7 of the Dungeon)

   [amulet of nothing]

   It protects you from negative energy.
 N - an uncursed ring of flight
 P - an uncursed ring of wizardry
 U - a cursed -4 ring of protection
Wands
 k - a wand of disintegration (6)
 l - a wand of flame (40)
 m - a wand of polymorph (10)
 s - a wand of acid (19)
 w - a wand of iceblast (35)
 A - a wand of paralysis (27)
 D - a wand of random effects (21)
 G - a wand of digging (7)
Scrolls
 d - 3 scrolls of immolation
 g - a scroll of enchant weapon
 t - a scroll of fear
 v - 5 scrolls of remove curse
 x - 2 scrolls of amnesia
 B - 3 scrolls of fog
 K - a scroll of enchant armour
 L - 3 scrolls of blinking
 Q - a scroll of magic mapping
 T - 2 scrolls of identify
Potions
 b - 2 potions of might
 n - a potion of brilliance
 o - a potion of flight
 q - 2 potions of lignification
 r - 5 potions of curing
 C - a potion of invisibility
 E - 2 potions of heal wounds
 R - 2 potions of mutation
 S - 7 potions of ambrosia


   Skills:
 + Level 4.2 Fighting
 - Level 6.8 Dodging
 - Level 2.4 Stealth
 - Level 12.3 Spellcasting
 - Level 13.2 Conjurations
 - Level 5.7 Hexes
 - Level 4.0 Summonings
 - Level 7.0 Translocations
 + Level 4.3 Ice Magic
 - Level 2.0 Air Magic
 - Level 2.0 Poison Magic
 - Level 10.9 Invocations


You had 8 spell levels left.
You knew the following spells:

 Your Spells              Type           Power        Failure   Level
a - Magic Dart            Conj           100%         0%          1
b - Searing Ray           Conj           100%         1%          2
c - Cause Fear            Hex            23%          3%          4
d - Fulminant Prism       Conj/Hex       40%          1%          4
e - Iskenderun's Mystic   Conj/Tloc      82%          1%          4
f - Mephitic Cloud        Conj/Pois/Air  64%          1%          3
g - Call Canine Familiar  Summ           38%          1%          3
h - Ozocubu's Refrigerat  Ice            20%          65%         6

Your spell library contained the following spells:

 Spells                   Type           Power        Failure   Level
 Summon Small Mammal      Summ           100%         1%          1
 Ensorcelled Hibernation  Hex/Ice        88%          1%          2
 Dazzling Flash           Conj/Hex       100%         1%          3
 Stone Arrow              Conj/Erth      100%         1%          3
 Sting                    Tmut/Pois      88%          2%          1
 Poisonous Vapours        Pois/Air       54%          2%          2
 Animate Skeleton         Necr           32%          3%          1
 Beastly Appendage        Tmut           32%          3%          1
 Pain                     Necr           64%          3%          1
 Corpse Rot               Necr/Air       N/A          3%          2
 Spider Form              Tmut/Pois      11%          7%          3
 Ignite Poison            Fire/Tmut/Pois 20%          8%          3
 Vampiric Draining        Necr           8%           10%         3
 Summon Forest            Summ/Tloc      23%          10%         5
 Metabolic Englaciation   Hex/Ice        22%          12%         5
 Ice Form                 Ice/Tmut       28%          14%         4
 Olgreb's Toxic Radiance  Pois           27%          14%         4
 Animate Dead             Necr           8%           32%         4
 Freezing Cloud           Conj/Ice/Air   33%          34%         6
 Agony                    Necr           16%          67%         5
 Simulacrum               Ice/Necr       14%          91%         6
 Eringya's Noxious Bog    Tmut/Pois      11%          98%         6
 Hydra Form               Tmut           8%           99%         6
 Summon Hydra             Summ           19%          99%         7
 Infestation              Necr           8%           100%        8


Dungeon Overview and Level Annotations

Branches:
Dungeon (8/15)             Temple (1/1) D:7            Lair (4/6) D:8
  Swamp (0/4) Lair:2        Snake (0/4) Lair:2

Altars:
Dithmenos
Fedhas
Gozag
Kikubaaqudgha
Makhleb
Nemelex Xobeh
Okawaru
Qazlal
Ru
Sif Muna
Trog
Uskayaw
Vehumet
Xom
Yredelemnul
Zin
The Shining One

Shops:
D:5 *   D:6 (   D:8 *

Annotations:
Lair:4 Nessos


Message History

* * * LOW HITPOINT WARNING * * *
You feel sick.
A nearby plant withers and dies.
Nessos blinks! x2
Okay, then.
You feel better.
Nessos blinks! x3
Casting: Fulminant Prism (dangerous; 1% risk of failure)
Confirm with . or Enter, or press ? or * to list all spells.
Aiming: Mephitic Cloud (safe; 1% risk of failure)
Press: ? - help, Shift-Dir - straight line, f - Nessos
Aim: Nessos, wielding a +1 longbow of flaming, wearing a +1 barding and quivering 18 arrows (lightly wounded, fast, fleeing)
You feel a surge of power!
The ball explodes into a vile cloud!
The stinking cloud engulfs Nessos but does no damage.
Nessos is lightly wounded.
Your attack snaps Nessos out of their fear.
Nessos is engulfed in noxious fumes.
Nessos shoots an arrow.
The arrow hits you!!
* * * LOW HITPOINT WARNING * * *
You are lethally poisoned!
Nessos is engulfed in noxious fumes.
Nessos shoots an arrow.
The arrow hits you!
You die...

#####.###....(...#
##.......).P≈≈
#.......#...P(...#
#....##...P≈≈
#..........(.P....#
#.(..##..≈≈≈≈
#.....#..........##
#....##...P≈P
................#§###....
#....≈≈
.........#........§..#
#..P≈≈P
.........##..........
##......######....#.#
#......# #....@# ###....#
#☼#...# # ##..## #c§...#
# #...# ##.§...#
#####.#####...)###
...##..#.#.(..#.#
.............#.##
..÷.........####
.........#.##


You could see Nessos (fast).

Vanquished Creatures
  4 hydras
  Urug (Lair:4)
  Pikel (D:6)
  A deep elf mage (D:7)
  A cyclops (D:7)
  An ugly thing (D:7)
  2 black mambas
  An elephant (D:8)
  Psyche (D:8)
  8 cane toads
  2 rime drakes
  5 komodo dragons
  A queen bee (Lair:3)
  A polar bear (Lair:1)
  A hornet (D:8)
  Prince Ribbit (D:7)
  Grinder (D:3)
  5 dream sheep (Lair:3)
  Sigmund (D:6)
  A wyvern (Lair:4)
  33 yaks
  Eustachio (D:6)
  4 basilisks
  Duvessa (D:7)
  5 water moccasins
  3 orc warriors
  Purgy (D:3)
  An ice beast (D:6)
  A sky beast (D:7)
  4 black bears
  5 necrophages
  8 ogres
  5 centaurs
  9 wolves (Lair:2)
  3 lemures (D:6)
  12 bullfrogs
  A gnoll sergeant (D:8)
  A water moccasin zombie (D:7)
  2 scorpions
  A water moccasin skeleton (D:8)
  Dowan (D:7)
  19 killer bees
  2 oklob saplings (D:8)
  2 howler monkeys (D:7)
  An electric eel (Lair:3)
  7 wights
  A quasit (D:7)
  3 centaur zombies (D:7)
  A centaur skeleton (D:7)
  7 hounds
  A jelly (D:7)
  2 bullfrog skeletons
  7 orc priests
  Jessica (D:2)
  2 iguanas
  2 worker ants (D:8)
  Natasha (thrice) (D:3)
  5 orc wizards
  2 worker ant zombies
  9 adders
  7 gnolls
  An ufetubus (D:7)
  An adder skeleton (D:5)
  3 worms
  2 dart slugs (D:1)
  2 leopard geckos
  21 orcs
  9 ball pythons
  3 bat skeletons (D:2)
  3 bat zombies (D:2)
  5 giant cockroaches
  3 hobgoblins (D:1)
  5 jackals
  8 quokkas
  3 bats
  6 frilled lizards
  8 goblins
  8 kobolds
  A quokka skeleton (D:6)
  A quokka zombie (D:7)
  8 rats
327 creatures vanquished.

Vanquished Creatures (others)
  A bush (Lair:2)
  70 fulminant prisms
  33 fungi
  52 plants
  6 withered plants (D:7)
162 creatures vanquished.

Grand Total: 489 creatures vanquished

Notes
Turn   | Place    | Note
-------+----------+-------------------------------------------
     0 | D:1      | bnorton916 the Deep Elf Conjurer began the quest for the
                  | Orb.
     0 | D:1      | Reached XP level 1. HP: 10/10 MP: 6/6
   367 | D:1      | Reached XP level 2. HP: 15/15 MP: 2/8
  1237 | D:1      | Learned a level 2 spell: Searing Ray
  1280 | D:2      | Reached skill level 5 in Conjurations
  1280 | D:2      | Reached XP level 3. HP: 10/19 MP: 6/10
  1284 | D:2      | Learned a level 3 spell: Dazzling Flash
  1665 | D:2      | Found a shimmering blue altar of Sif Muna.
  1674 | D:2      | Became a worshipper of Sif Muna the Loreminder
  2156 | D:2      | Noticed Jessica
  2168 | D:2      | Killed Jessica
  2169 | D:2      | Reached XP level 4. HP: 23/24 MP: 5/12
  2274 | D:2      | Found an ancient bone altar of Kikubaaqudgha.
  2383 | D:3      | Reached skill level 5 in Spellcasting
  2673 | D:3      | Noticed Purgy
  2844 | D:3      | Noticed Grinder
  2857 | D:3      | Learned a level 4 spell: Fulminant Prism
  2862 | D:3      | Killed Grinder
  2862 | D:3      | Reached * piety under Sif Muna
  2863 | D:3      | Reached skill level 6 in Conjurations
  2863 | D:3      | Reached XP level 5. HP: 28/28 MP: 8/15
  2863 | D:3      | Reached XP level 6. HP: 32/32 MP: 9/17
  2869 | D:3      | Killed Purgy
  2957 | D:3      | Found a basalt altar of Yredelemnul.
  3154 | D:3      | Noticed Natasha
  3155 | D:3      | Reached skill level 7 in Conjurations
  3159 | D:3      | Killed Natasha
  3544 | D:3      | Learned a level 4 spell: Iskenderun's Mystic Blast
  3551 | D:3      | Noticed Natasha
  3554 | D:3      | Killed Natasha
  3803 | D:3      | Noticed Natasha
  3807 | D:3      | Killed Natasha
  3884 | D:4      | Reached skill level 1 in Translocations
  3884 | D:4      | Reached XP level 7. HP: 36/36 MP: 14/19
  4124 | D:4      | Reached skill level 1 in Hexes
  4893 | D:4      | Found a hide-covered altar of Uskayaw.
  4893 | D:4      | Noticed a +0 dagger
  4893 | D:4      | Noticed a +0 dagger
  5076 | D:5      | Entered Level 5 of the Dungeon
  5104 | D:5      | Found a glowing golden altar of the Shining One.
  5202 | D:5      | Found a glowing silver altar of Zin.
  5356 | D:5      | Found a burning altar of Makhleb.
  5546 | D:5      | Reached skill level 1 in Invocations
  5586 | D:5      | Noticed a yak
  5587 | D:5      | Noticed a yak
  5588 | D:5      | Noticed a yak
  5590 | D:5      | Noticed a yak
  5601 | D:5      | Killed a yak
  5602 | D:5      | Reached XP level 8. HP: 41/41 MP: 13/21
  5803 | D:5      | Found Wuwk's General Store.
  5811 | D:5      | Bought a scroll of remove curse for 30 gold pieces
  5955 | D:5      | Reached skill level 8 in Conjurations
  5955 | D:5      | Reached skill level 5 in Translocations
  6065 | D:5      | Found a burning altar of Makhleb.
  6233 | D:6      | Reached ** piety under Sif Muna
  6343 | D:6      | Found a shimmering altar of Xom.
  6344 | D:6      | Found a sacrificial altar of Ru.
  6344 | D:6      | Found a shadowy altar of Dithmenos.
  6345 | D:6      | Found a bloodstained altar of Trog.
  6358 | D:6      | Noticed Sigmund
  6362 | D:6      | Killed Sigmund
  6364 | D:6      | Found a sparkling altar of Nemelex Xobeh.
  6412 | D:6      | Reached XP level 9. HP: 45/45 MP: 19/23
  6518 | D:6      | Reached skill level 5 in Hexes
  6618 | D:6      | Found a blossoming altar of Fedhas.
  6721 | D:6      | Noticed Pikel
  6889 | D:6      | Killed Pikel
  6996 | D:6      | Noticed Eustachio
  6999 | D:6      | Killed Eustachio
  7161 | D:6      | Found Lelyat's Weapon Shoppe.
  7594 | D:7      | Found a staircase to the Ecumenical Temple.
  7603 | Temple   | Entered the Ecumenical Temple
  7676 | D:7      | Reached skill level 9 in Conjurations
  7767 | D:7      | Reached skill level 5 in Invocations
  7854 | D:7      | Found a glowing silver altar of Zin.
  7855 | D:7      | Found a stormy altar of Qazlal.
  7855 | D:7      | Found a radiant altar of Vehumet.
  7855 | D:7      | Found a radiant altar of Vehumet.
  8087 | D:7      | Reached skill level 10 in Spellcasting
  8152 | D:7      | Found the macabre finger necklace {rN+}
  8153 | D:7      | Identified the +9 quarterstaff "Xutistop" {flame, rF++
                  | Int+4 Dex-5}
  8373 | D:7      | Noticed Duvessa
  8373 | D:7      | Noticed Dowan
  8396 | D:7      | Killed Dowan
  8472 | D:7      | Reached XP level 10. HP: 30/50 MP: 21/26
  8591 | D:7      | Noticed a white ugly thing
  8719 | D:7      | Reached *** piety under Sif Muna
  9038 | D:7      | Noticed a deep elf mage
  9044 | D:7      | Killed a deep elf mage
  9047 | D:7      | Killed Duvessa
  9072 | D:7      | Killed a white ugly thing
  9073 | D:7      | Reached skill level 10 in Conjurations
  9107 | D:7      | Noticed Prince Ribbit
  9221 | D:7      | Killed Prince Ribbit
  9299 | D:7      | Found an iron altar of Okawaru.
  9304 | D:7      | Noticed a cyclops
  9928 | D:7      | Killed a cyclops
 11398 | D:8      | Noticed an elephant
 11792 | D:8      | Found a radiant altar of Vehumet.
 11841 | D:8      | Noticed Psyche
 11845 | D:8      | Killed Psyche
 12106 | D:8      | Reached **** piety under Sif Muna
 12401 | D:8      | Killed an elephant
 12402 | D:8      | Reached XP level 11. HP: 47/54 MP: 18/29
 12558 | D:8      | Found an iron altar of Okawaru.
 12696 | D:8      | Found Reijy's Assorted Antiques.
 12704 | D:8      | Reached skill level 11 in Conjurations
 13061 | D:8      | Found a staircase to the Lair.
 13799 | D:8      | Learned a level 3 spell: Mephitic Cloud
 13827 | D:8      | Found an opulent altar of Gozag.
 14102 | D:8      | Found a blossoming altar of Fedhas.
 14138 | D:8      | Reached skill level 1 in Air Magic
 14138 | D:8      | Reached skill level 1 in Poison Magic
 14236 | D:8      | Identified the Grimoire of Nature
 14252 | D:8      | Learned a level 3 spell: Call Canine Familiar
 14372 | Lair:1   | Entered Level 1 of the Lair of Beasts
 14831 | Lair:1   | Got a slimy trident
 14856 | Lair:1   | Reached skill level 1 in Summonings
 14935 | Lair:1   | Identified the +8 trident of Itsidgh {vamp, rC+ Str+4} (You
                  | found it on level 1 of the Lair of Beasts)
 16767 | Lair:1   | Reached skill level 10 in Invocations
 17126 | Lair:2   | Found a staircase to the Snake Pit.
 17320 | Lair:2   | Reached ***** piety under Sif Muna
 18132 | Lair:2   | Noticed a seven-headed hydra
 18137 | Lair:2   | Killed a seven-headed hydra
 18138 | Lair:2   | Reached XP level 12. HP: 59/59 MP: 22/30
 18224 | Lair:2   | Reached skill level 5 in Dodging
 18692 | Lair:2   | Identified Sif Muna's Grimoire of Bewitching Evil (Sif Muna
                  | gifted it to you on level 2 of the Lair of Beasts)
 18692 | Lair:2   | Received a gift from Sif Muna
 18703 | Lair:2   | Learned a level 4 spell: Cause Fear
 18831 | Lair:2   | Noticed an eight-headed hydra
 19383 | Lair:2   | Killed an eight-headed hydra
 19384 | Lair:2   | Reached skill level 12 in Conjurations
 19538 | Lair:2   | Found a staircase to the Swamp.
 20205 | Lair:3   | Reached skill level 1 in Fighting
 20639 | Lair:3   | Learned a level 6 spell: Ozocubu's Refrigeration
 20651 | Lair:3   | Reached skill level 1 in Ice Magic
 21423 | Lair:3   | Identified a scroll of acquirement
 21423 | Lair:3   | Acquired a Fen Folio
 21501 | Lair:3   | Noticed a five-headed hydra
 21516 | Lair:3   | Killed a five-headed hydra
 21933 | Lair:3   | Reached skill level 13 in Conjurations
 22435 | Lair:4   | Noticed Urug
 22444 | Lair:4   | Killed Urug
 22812 | Lair:4   | Noticed Nessos
 22835 | Lair:4   | Noticed an eight-headed hydra
 22849 | Lair:4   | Killed an eight-headed hydra
 23132 | Lair:4   | HP: 1/66 [Nessos/arrow (18)]
 23132 | Lair:4   | Shot with an arrow by Nessos

Illustrated notes

Levels and vault maps discovered:
D:1:      amcnicky_arrival_single_pillar, layout_loops_ring
D:2:      layout_loops_ring, kennysheep_vampire_church, lemuel_crystal_altar,
          chequers_avenue, uniq_jessica
D:3:      layout_loops_corners, old_standard_altar, uniq_purgy, uniq_grinder,
          uniq_natasha
D:4:      layout_loops_ring, dancing_weapons_uskayaw
D:5:      layout_loops_ring, old_standard_altar, lightli_temple_of_fire,
          kennysheep_mini_moat, serial_shops, nicolae_shop_crystal, basic_altar,
          columned_hall_lemuel, grunt_ministairs_3
D:6:      layout_basic, fedhas_altar_fruit_tree, nemelex_altar_shiori,
          chequers_temple_overflow_statue_of_worship, serial_shops, shop,
          uniq_eustachio, uniq_sigmund, uniq_pikel
D:7:      minmay_the_grid_octo_tiled_squarecenter
          [minmay_the_grid_octo_odd_swirl, minmay_the_grid_octo_shrine,
          minmay_the_grid_octo_checkered, minmay_the_grid_octo_clover_2,
          minmay_the_grid_square_5x5_megaprize_crossed,
          minmay_the_grid_square_5x5_moneybag,
          minmay_the_grid_square_5x5_two_small,
          minmay_the_grid_square_5x5_gyroscope,
          minmay_the_grid_square_5x5_minimal], layout_loops_ring,
          okawaru_gym_becter, minmay_temple_entry_stoned_glass, serial_undead,
          serial_undead_c, serial_undead_d, serial_undead_f, serial_undead_b,
          serial_undead_e, uniq_duvessa, uniq_prince_ribbit1
D:8:      layout_rooms, vehumet_altar_wand_db, grunt_gozag_breadcrumbs,
          david_lair_generic, basic_altar, serial_shops,
          nicolae_shop_competitors_out_of_business, introduction_to_nature_2,
          uniq_psyche
Temple:   corrupted_temple
Lair:1:   layout_long_grid, gammafunk_lair_bear_cave, grunt_megastairs_4,
          lemuel_fruit_fields
Lair:2:   layout_small_grid, palyth_hydra_swamp_entry,
          guppyfry_snake_entry_island, beast_lair_carwin_8
Lair:3:   layout_long_grid, special_room [special_room_bee],
          infiniplex_staircase_pool
Lair:4:   layout_concentric_octagons, lemuel_fruit_tree, serial_bayou_shore_a,
          uniq_urug, uniq_nessos

Skill      XL: |  1  2  3  4  5  6  7  8  9 10 11 12 |
---------------+-------------------------------------+-----
Spellcasting   | 4 6 7 8 10 12 | 12.3
Conjurations   | 5 6 7 8 9 10 11 13 | 13.2
Translocations | 1 3 5 7 |  7.0
Hexes          | 3 4 5 |  5.7
Invocations    | 1 3 5 8 10 | 10.9
Air Magic      | 2 |  2.0
Poison Magic   | 2 |  2.0
Summonings     | 4 |  4.0
Dodging        | 4 6 |  6.8
Fighting       | 4 |  4.2
Ice Magic      | 4 |  4.3
Stealth        | |  2.4

Action                   |  1- 3 |  4- 6 |  7- 9 | 10-12 || total
-------------------------+-------+-------+-------+-------++-------
Melee: Short sword       |    13 |    15 |     5 |    17 ||    50
       Dagger            |       |       |       |    10 ||    10
       Staff             |       |       |       |     5 ||     5
 Cast: Magic Dart        |    59 |    22 |   151 |   265 ||   497
       Searing Ray       |       |     7 |    33 |    81 ||   121
       Fulminant Prism   |       |     1 |     2 |    68 ||    71
       Iskenderun's Myst |       |       |     1 |    32 ||    33
       Mephitic Cloud    |       |       |       |     1 ||     1
Evoke: Wand              |       |     6 |       |       ||     6
  Use: Scroll            |       |    11 |     2 |    11 ||    24
       Potion            |       |       |     1 |     3 ||     4
 Stab: Sleeping          |     3 |     2 |     1 |       ||     6
Armor: Robe              |    14 |    14 |    15 |    70 ||   113
Dodge: Dodged            |    25 |    25 |    34 |   178 ||   262
Block: Other             |       |     1 |    18 |    58 ||    77
       Reflection        |       |       |     1 |     2 ||     3
